AoeStats
← pedrogragui

Baltic

510538253Analyzed
3v3 RM · 1d ago on Oct 1, 2026· 60m 6s· 6 players
Game mode
Random Map
Map size
Normal (6 player)
Population
200
Speed
Normal
Resources
Standard
Victory
Conquest
Starting age
Dark Age
Ending age
Imperial Age
RankedLock teamsTeams togetherTeam positionsShared explorationLock speedFull tech treeHidden civsTurbo modeCheats
Victory
Defeat
🇹🇷 Khmer · Türkiye
561
+15
🇬🇧 Inca · United Kingdom
478
+18
🇶🇦 Vikings · Qatar
477
+18
🇹🇷 Italians · Türkiye
636
-21
🇮🇹 Burgundians · Italy
486
-15
🇮🇪 Spanish · Ireland
473
-15
Floki
6:44 Loom
10:51 Feudal Age
11:53 Double-Bit Axe
12:02 Horse Collar
15:26 Wheelbarrow
14:39 Town Watch
17:59 Man-at-Arms
21:23 Castle Age
21:37 Forging
21:32 Scale Barding Armor
21:28 Scale Mail Armor
21:29 Padded Archer Armor
21:20 Fletching
24:57 Gold Mining
26:41 Hand Cart
30:06 Husbandry
31:52 Iron Casting
31:31 Bloodlines
32:38 Bow Saw
33:22 Tusk Swords
40:23 Imperial Age
40:33 Chain Barding Armor
40:29 Leather Archer Armor
40:30 Chain Mail Armor
40:11 Bodkin Arrow
40:48 Ballistics
42:20 Chemistry
45:29 Double Crossbow
44:51 Elite Ballista Elephant
46:15 Plate Barding Armor
46:12 Ring Archer Armor
47:34 Stone Mining
48:20 Gold Shaft Mining
47:52 Heavy Plow
49:35 Elite Battle Elephant
Leggy Mountbatten
0:33 Loom
11:59 Feudal Age
12:22 Horse Collar
12:33 Double-Bit Axe
12:51 Gold Mining
21:04 Castle Age
19:27 Stone Mining
20:29 Fletching
22:01 Heavy Plow
27:17 Bow Saw
28:31 Town Watch
32:49 Gold Shaft Mining
33:08 Caravan
35:24 Stone Shaft Mining
35:55 Forging
36:44 Town Patrol
39:23 Arson
39:39 Squires
39:00 Pikeman
44:21 Imperial Age
42:00 Champi Runner
43:08 Andean Sling
45:22 Iron Casting
44:43 Bodkin Arrow
44:50 Scale Mail Armor
44:51 Padded Archer Armor
44:50 Guard Tower
45:11 Fortified Wall
44:57 Murder Holes
46:04 Chemistry
45:25 Ballistics
44:52 Arrowslits
45:14 Siege Engineers
48:03 Fabric Shields
47:36 Sappers
48:27 Conscription
48:44 Hoardings
48:50 Elite Kamayuk
51:12 Keep
50:30 Heated Shot
50:25 Treadmill Crane
50:52 Halberdier
50:53 Champi Warrior
52:13 Heavy Scorpion
54:49 Blast Furnace
53:50 Bracer
54:06 Chain Mail Armor
54:12 Leather Archer Armor
56:10 Masonry
55:46 Onager
58:09 Elite Champi Warrior
KindBeetle9568
15:43 Feudal Age
16:10 Loom
16:42 Double-Bit Axe
16:40 Horse Collar
20:23 Gold Mining
20:24 Stone Mining
24:44 Castle Age
27:13 Bow Saw
27:44 Gold Shaft Mining
29:40 Scale Barding Armor
34:41 Imperial Age
33:48 Caravan
34:47 Cavalier
39:44 Conscription
41:42 Two-Man Saw
40:46 Heavy Plow
41:11 Capped Ram
41:13 Heavy Scorpion
43:45 Siege Ram
45:01 Elite Berserk
45:32 Elite Longship
48:49 Chain Barding Armor
49:33 Chemistry
48:55 Ballistics
48:47 Fortified Wall
48:24 Treadmill Crane
49:06 Careening
48:56 Murder Holes
52:50 Bogsveigar
pedrogragui
8:22 Loom
11:23 Feudal Age
11:57 Double-Bit Axe
11:56 Horse Collar
17:01 Wheelbarrow
24:22 Castle Age
24:00 Fishing Lines
25:12 Scale Barding Armor
25:18 Forging
25:25 Hand Cart
25:14 Heavy Plow
30:13 Husbandry
29:34 Light Cavalry
30:54 Iron Casting
30:20 Scale Mail Armor
33:28 Pikeman
34:08 Squires
33:54 Gambesons
33:31 Man-at-Arms
33:38 Man-at-Arms
34:03 Gambesons
38:00 Imperial Age
36:22 Long Swordsman
38:59 Coinage
38:30 Caravan
38:13 Demolition Ship
40:12 Blast Furnace
40:31 Guilds
40:52 Banking
42:10 Bow Saw
41:53 Gold Mining
41:59 Stone Mining
43:38 Chemistry
42:48 Masonry
47:44 Hoardings
49:00 Chain Mail Armor
49:06 Chain Barding Armor
49:47 Architecture
51:08 Two-Man Saw
50:51 Stone Shaft Mining
50:52 Plate Mail Armor
50:51 Elite Cannon Galleon
50:52 Heavy Demolition Ship
51:42 Medium Warships
53:57 Bombard Tower
53:57 Ballistics
55:57 Halberdier
55:58 Two-Handed Swordsman
58:07 Cavalier
sburaks
10:41 Feudal Age
12:39 Wheelbarrow
16:45 Fishing Lines
27:50 Castle Age
28:49 Hand Cart
bs-32
8:22 Double-Bit Axe
10:08 Horse Collar
10:22 Fishing Lines
14:09 Feudal Age
16:16 Bow Saw
17:53 Gold Mining
17:54 Stone Mining
19:49 Gillnets
23:49 Castle Age
26:13 Two-Man Saw
25:17 Heavy Plow
25:36 Man-at-Arms
26:33 Forging
26:23 Scale Mail Armor
26:29 Scale Barding Armor
26:15 Fletching
26:26 Padded Archer Armor
27:31 Gold Shaft Mining
27:32 Stone Shaft Mining
28:38 Crop Rotation
31:46 Long Swordsman
36:45 Imperial Age
35:39 Medium Warships
34:52 Demolition Ship
39:28 Two-Handed Swordsman
39:33 Crossbowman
39:42 Cavalier
39:47 Elite Coustillier
40:35 Burgundian Vineyards
41:34 Champion
41:37 Paladin
42:18 Husbandry
43:18 Iron Casting
42:58 Chain Mail Armor
43:04 Chain Barding Armor
42:41 Bodkin Arrow
48:26 Blast Furnace
47:57 Plate Mail Armor
48:03 Plate Barding Armor
47:45 Leather Archer Armor
48:11 Capped Ram
Connection lost

Rejoining the realm…

Still unreachable

The connection could not be restored.

Session expired

The server has moved on; the page needs a fresh start.